 Dungeon Crawl Stone Soup version 0.14-a0-2746-g43b4f9c (webtiles) character file.

522 Kae the Ruinous (level 7, 0/36 HPs)
             Began as a Tengu Fire Elementalist on Feb 22, 2014.
             Slain by a gnoll
             ... wielding a +0,+0 halberd
              (9 damage)
             ... on Level 4 of the Dungeon.
             The game lasted 00:05:42 (4617 turns).

Kae the Ruinous (Tengu Fire Elementalist)           Turns: 4617, Time: 00:05:42

HP   0/36        AC  3     Str  9      XL: 7   Next:  2%
MP  11/17        EV 12     Int 17      God:
Gold 79          SH  0     Dex 14      Spells:  3 memorised,  7 levels left

rFire  . . .     SeeInvis .     f - +0 dagger
rCold  . . .     Clarity  .     a - +0 robe
rNeg   . . .     Conserve .     (no shield)
rPois  .         rCorr    .     (helmet restricted)
rElec  .         rRot     .     (no cloak)
SustAb . .       Spirit   .     k - +0 pair of elf gloves (curse)
rMut   .         Warding  .     (boots unavailable)
Saprov . . .     Stasis   .     (no amulet)
MR     .....                    (no ring)
                                (no ring)

@: very slightly contaminated, not resistant to hostile enchantments, fairly
stealthy
A: able to fly, beak, talons 3
a: Fly


You were on level 4 of the Dungeon.
You were not hungry.

You visited 1 branch of the dungeon, and saw 4 of its levels.

You collected 79 gold pieces.

Inventory:

Hand weapons
 f - a +0,+0 dagger (weapon)
Armour
 a - a +0 robe (worn)
 k - a cursed +0 pair of elven gloves (worn)
Comestibles
 c - 2 bread rations
 h - an apricot
 q - 13 strawberries
 u - a meat ration
Scrolls
 d - 2 scrolls of identify {unknown}
 g - 2 scrolls of magic mapping {unknown}
 i - 2 scrolls of curse jewellery {unknown}
 j - 2 scrolls of fog {unknown}
 l - a scroll of blinking {unknown}
 m - a scroll of fear {unknown}
 o - 2 scrolls of noise {unknown}
 p - a scroll of enchant armour {unknown}
 r - a scroll of teleportation {unknown}
Potions
 e - a potion of resistance
 n - 2 potions of curing
 s - a potion of heal wounds {unknown}
 t - a potion of restore abilities {unknown}
Books
 b - a book of Flames

   Spells                             Type                      Level
   *Flame Tongue                      Conjuration/Fire             1
   *Throw Flame                       Conjuration/Fire             2
   *Conjure Flame                     Conjuration/Fire             3
   Inner Flame                        Hexes/Fire                   3
   Sticky Flame                       Conjuration/Fire             4
   Fireball                           Conjuration/Fire             5


   Skills:
 - Level 2.1 Dodging
 - Level 2.0 Stealth
 + Level 3.5 Spellcasting
 * Level 6.0 Conjurations
 * Level 5.6 Fire Magic


You had 7 spell levels left.
You knew the following spells:

 Your Spells              Type           Power        Failure   Level  Hunger
a - Flame Tongue          Conj/Fire      ###..        1%          1    None
b - Throw Flame           Conj/Fire      ###...       2%          2    ##.....
c - Conjure Flame         Conj/Fire      ###.....     6%          3    ###....


Dungeon Overview and Level Annotations

Branches:
Dungeon (4/16)
 Temple: D:4-7

Altars:
Trog


Innate Abilities, Weirdness & Mutations

You can fly.
You have a beak for a mouth.
You have claws for feet.


Message History

You are very lightly contaminated with residual magic.
Nothing appears to happen.
The giant cockroach closely misses you. The gnoll misses you.
Casting: Flame Tongue
Confirm with . or Enter, or press ? or * to list all spells.
Aiming: Flame Tongue
Press: ? - help, Shift-Dir - straight line, f/p - giant cockroach
Aim: a giant cockroach (lightly wounded)
The flame hits the giant cockroach.
The giant cockroach is severely wounded.
The giant cockroach closely misses you. The giant cockroach barely misses you.
Casting: Flame Tongue
Confirm with . or Enter, or press ? or * to list all spells.
Aiming: Flame Tongue
Press: ? - help, Shift-Dir - straight line, f/p - giant cockroach
Aim: a giant cockroach (severely wounded)
The flame hits the giant cockroach.
You kill the giant cockroach!
The gnoll hits you from afar with a halberd!
You die...

♣ ..♣ ♣..♣♣
♣.... ♣♣...
♣♣♣♣...♣♣♣♣
♣♣.....♣♣♣♣♣♣♣
♣♣og..♣♣♣♣♣♣
♣♣♣♣♣@..♣♣♣♣♣♣♣
♣♣♣♣♣....♣♣♣♣♣♣♣
♣♣♣♣♣.....♣♣♣♣
♣♣♣♣♣♣♣....♣♣♣
♣♣♣♣♣♣♣..♣♣♣
♣♣♣♣♣♣..♣♣
♣♣♣♣♣..♣♣♣ ♣
♣♣....♣♣♣♣♣♣♣♣
♣♣♣♣...♣♣♣♣♣♣♣


You could see a gnoll and an orc.

Vanquished Creatures
  The ghost of Badjas the Covert, an average HaAs (D:3)
  A hound (D:4)
  2 halflings (D:2)
  A scorpion (D:4)
  Jessica (D:2)
  3 gnolls (D:3)
  5 adders
  A worm (D:3)
  A giant gecko (D:2)
  2 orcs (D:3)
  A ball python (D:2)
  5 bats
  7 giant cockroaches
  9 hobgoblins
  12 kobolds
  6 quokkas
  6 giant newts
  9 goblins
  A hobgoblin skeleton (D:4)
  6 jackals
  10 rats
  A rat skeleton (D:4)
91 creatures vanquished.

Vanquished Creatures (others)
  A bat (D:2)
  A plant (D:2)
2 creatures vanquished.

Grand Total: 93 creatures vanquished

Notes
Turn   | Place    | Note
--------------------------------------------------------------
     0 | D:1      | Kae, the Tengu Fire Elementalist, began the quest for the Orb.
     0 | D:1      | Reached XP level 1. HP: 10/10 MP: 3/3
   279 | D:1      | Reached XP level 2. HP: 10/15 MP: 1/5
  1215 | D:2      | Reached XP level 3. HP: 17/19 MP: 7/7
  1293 | D:2      | Noticed Jessica
  1310 | D:2      | Killed Jessica
  1310 | D:2      | Reached skill level 4 in Fire Magic
  1598 | D:2      | Reached XP level 4. HP: 24/24 MP: 9/9
  1706 | D:2      | HP: 1/24 [kobold (4)]
  2726 | D:2      | Learned a level 2 spell: Throw Flame
  2730 | D:2      | Learned a level 3 spell: Conjure Flame
  2740 | D:2      | Reached XP level 5. HP: 28/28 MP: 0/11
  3315 | D:3      | Noticed Badjas' ghost (average HaAs)
  3332 | D:3      | Killed Badjas' ghost
  3332 | D:3      | Reached skill level 5 in Conjurations
  3332 | D:3      | Reached skill level 5 in Fire Magic
  3332 | D:3      | Reached XP level 6. HP: 14/32 MP: 3/15
  3600 | D:3      | Found a bloodstained altar of Trog.
  4130 | D:3      | Found a bloodstained altar of Trog.
  4326 | D:4      | Reached skill level 6 in Conjurations
  4326 | D:4      | Reached XP level 7. HP: 19/36 MP: 11/17
  4617 | D:4      | Slain by a gnoll

Action                   |  1- 3 |  4- 6 |  7- 9 || total
-------------------------+-------+-------+-------++-------
Melee: Unarmed           |    44 |       |       ||    44
       Dagger            |    28 |   110 |     4 ||   142
 Cast: Flame Tongue      |    24 |    75 |    10 ||   109
       Conjure Flame     |       |     2 |       ||     2
  Use: Potion            |       |     3 |       ||     3
 Stab: Sleeping          |     6 |       |       ||     6
